Map: Blackburn LE

Players

Spirit (souL) - Winner!

  • Race: Terran Terran

Stephano

  • Race: Zerg Zerg

Event: DreamHack SC2 Masters 2021 Winter

VOD

Have the link to the VOD?

Description

Time

  • Played on: Oct. 3, 2021, 11:24 a.m.
  • Length: 17:03

All games in this series

Show
View Real Time Build Order
Export as new Build Order

Spirit Terran - Winner!

Build Orders: Reaper Expand 

Get SALT Encoding   

  12  0:00  SCV  
  13  0:12  SCV  
  14  0:17  Supply Depot  
  14  0:24  SCV  
  15  0:38  SCV  
  15  0:39  Barracks  
  16  0:44  Refinery  
  16  0:50  SCV  
  17  1:02  SCV  
  18  1:15  SCV  
  19  1:27  Reaper, Orbital Command  
  20  1:39  Command Center  
  20  1:48  Supply Depot  
  20  1:53  SCV  
  21  1:59  Marine  
  22  2:05  SCV  
  23  2:10  Refinery  
  23  2:17  SCV  
  25  2:24  Barracks Reactor  
  25  2:29  SCV  
  25  2:37  Command Center  
  25  2:41  SCV  
  26  2:45  Factory  
  26  2:54  Orbital Command  
  26  2:55  SCV  
  27  3:00  Marine  
  27  3:02  Marine  
  29  3:08  SCV  
  29  3:09  Refinery  
  30  3:17  Marine  
  31  3:20  SCV x2, Marine  
  34  3:29  Starport  
  34  3:32  SCV  
  34  3:33  SCV  
  36  3:37  Marine  
  37  3:42  Factory Tech Lab  
  37  3:44  SCV  
  37  3:45  SCV  
  37  3:48  Marine  
  39  3:51  Orbital Command  
  40  3:56  SCV  
  40  3:57  SCV  
  40  4:02  Marine  
  43  4:08  SCV, Fusion Core  
  43  4:09  SCV  
  45  4:13  Starport  
  45  4:15  Marine  
  46  4:18  SCV  
  46  4:20  Marine  
  46  4:22  SCV  
  46  4:23  SCV  
  50  4:24  Supply Depot  
  50  4:30  SCV  
  51  4:33  Starport Tech Lab  
  51  4:34  SCV  
  51  4:35  SCV  
  53  4:40  Supply Depot  
  53  4:42  SCV  
  53  4:43  Barracks Tech Lab  
  55  4:56  Battlecruiser  
  55  4:58  Battlecruiser  
  66  5:05  Barracks  
  65  5:08  Supply Depot, SCV x2  
  65  5:10  Stimpack  
  67  5:15  Factory Tech Lab  
  67  5:20  SCV x2  
  69  5:21  Refinery  
  69  5:22  Barracks  
  69  5:24  Engineering Bay  
  69  5:28  Engineering Bay  
  69  5:32  SCV  
  70  5:36  Barracks  
  70  5:37  Barracks  
  70  5:42  Supply Depot, SCV  
  71  5:44  SCV, Orbital Command  
  71  5:48  Siege Tank  
  75  5:53  Marine  
  75  5:56  SCV  
  75  5:57  SCV  
  78  5:58  Supply Depot, Marine  
  79  6:05  Medivac x2  
  79  6:09  SCV x2  
  79  6:11  Marine x2  
  85  6:12  SCV  
  85  6:14  Barracks Reactor  
  88  6:19  Marine  
  88  6:20  Siege Tank  
  88  6:21  SCV  
  88  6:22  SCV  
  94  6:28  Barracks Reactor  
  94  6:29  SCV, Marine  
  94  6:30  Barracks Reactor  
  96  6:36  SCV  
  96  6:38  SCV  
  96  6:39  Marine  
  99  6:41  SCV, Marine  
  99  6:47  Terran Infantry Weapons Level 1, Terran Infantry Armor Level 1  
  101  6:49  Combat Shield  
  101  6:56  Marine  
  101  6:57  SCV x3  
  101  6:58  Marine x3  
  101  6:59  Marine  
  94  7:04  Marine x2  
  94  7:06  Marine x2  
  90  7:09  Siege Tank  
  90  7:14  Marine  
  90  7:15  Medivac, Marine  
  92  7:19  Supply Depot  
  92  7:20  Supply Depot  
  92  7:21  Marine x3  
  92  7:22  Medivac, Marine  
  99  7:23  Marine  
  99  7:26  Refinery  
  99  7:27  Marine  
  99  7:28  Bunker  
  101  7:37  Marine x3  
  101  7:38  Armory  
  101  7:39  Marine x2  
  101  7:41  Siege Tank, Marine x2  
  101  7:42  Marine  
  112  7:46  Medivac  
  112  7:48  Marine  
  115  7:55  Marine x3  
  115  7:57  Supply Depot, Marine x2  
  119  7:59  Marine x2  
  119  8:00  Marine  
  119  8:04  Medivac  
  124  8:06  Marine  
  125  8:16  Supply Depot  
  125  8:18  Supply Depot  
  125  8:19  Marine x8  
  133  8:35  Supply Depot  
  133  8:37  Siege Tank, Marine x5  
  133  8:40  Marine x4  
  145  8:48  Terran Infantry Weapons Level 2, Terran Infantry Armor Level 2  
  145  8:55  Marine x5  
  148  8:57  Marine x4  
  148  9:09  Siege Tank  
  151  9:11  Command Center  
  151  9:12  Marine x5  
  151  9:15  Marine  
  157  9:18  Marine  
  157  9:20  Marine x2  
  151  9:30  Marine x5  
  156  9:33  Marine  
  156  9:36  Marine  
  156  9:37  Marine  
  156  9:38  Marine  
  157  9:48  Marine  
  157  9:49  Marine x3  
  157  9:50  Marine  
  157  9:51  Marine  
  155  9:53  Siege Tank  
  155  9:54  Terran Vehicle Weapons Level 1  
  155  9:57  Supply Depot  
  155  9:58  Supply Depot  
  155  9:59  Supply Depot x2  
  156  10:01  Marine  
  157  10:09  Supply Depot  
  157  10:16  Supply Depot  
  157  10:17  Supply Depot  
  157  10:19  Marine x4  
  157  10:20  SCV x2  
  167  10:23  Planetary Fortress  
  167  10:24  SCV  
  167  10:25  Factory  
  168  10:29  Liberator  
  168  10:30  Liberator  
  168  10:32  Advanced Ballistics  
  168  10:42  Siege Tank  
  169  10:56  Marine x9  
  152  11:06  Sensor Tower  
  152  11:12  Liberator x2  
  152  11:14  Siege Tank, Marine x3  
  145  11:21  Marine  
  145  11:24  Marine x3  
  148  11:31  Marine x3  
  136  11:33  Marine  
  130  11:42  Marine x3  
  125  11:49  Refinery x2  
  125  11:50  Command Center  
  125  11:51  Marine  
  125  11:52  Marine x4  
  125  11:53  Marine  
  131  11:54  Terran Infantry Weapons Level 3  
  131  11:55  Liberator x2  
  131  12:00  Marine x3  
  138  12:09  Marine x2  
  138  12:10  Marine  
  138  12:11  Marine x3  
  144  12:18  Marine x3  
  143  12:26  Marine  
  143  12:27  Marine x2  
  143  12:29  Marine  
  140  12:34  Factory Tech Lab  
  140  12:35  Barracks  
  140  12:36  Barracks  
  140  12:38  Liberator  
  140  12:40  Siege Tank  
  140  12:42  Starport, Barracks  
  146  12:45  SCV x3  
  146  12:48  SCV  
  146  12:49  Starport Reactor  
  146  12:50  Marine  
  150  12:57  SCV, Marine x3  
  148  12:58  Siege Tank  
  150  13:10  Marine  
  150  13:11  Marine  
  151  13:13  SCV, Siege Tank  
  151  13:14  SCV  
  156  13:20  Starport Reactor  
  156  13:21  Liberator  
  156  13:25  Marine  
  151  13:27  Marine  
  151  13:30  Siege Tank, Marine  
  151  13:32  Marine x6  
  140  13:37  Barracks Tech Lab  
  140  13:38  Barracks Tech Lab  
  140  13:39  Barracks Tech Lab  
  140  13:43  SCV x2, Marine  
  140  13:45  Planetary Fortress, Marine, Siege Tank  
  140  13:47  SCV x2  
  140  13:48  Marine  
  138  13:49  Marine  
  138  13:50  Marine x5  
  138  13:51  Medivac  
  147  13:55  SCV  
  147  13:56  Medivac  
  147  13:58  Medivac x2  
  149  14:03  Siege Tank  
  149  14:04  Medivac  
  149  14:05  Missile Turret  
  153  14:11  Marauder x3, Ghost Academy  
  159  14:21  Medivac  
  152  14:28  Marine  
  152  14:29  Marine x5  
  152  14:30  Marine x2  
  163  14:39  Siege Tank  
  165  14:46  Siege Tank, Marine  
  165  14:47  Marine x2  
  165  14:48  Ghost x2  
  165  14:49  Ghost x2  
  173  14:55  Refinery  
  173  14:56  Refinery  
  164  15:17  Siege Tank, Ghost  
  164  15:18  Marauder x3  
  171  15:22  Siege Tank  
  160  15:39  Marauder x2, Ghost  
  160  15:40  Command Center  
  166  15:45  Ghost  
  166  15:46  SCV x3  
  166  15:48  SCV  
  166  15:49  Siege Tank  
  175  15:53  Marine x5  
  175  15:54  Siege Tank  
  183  15:57  SCV  
  183  15:58  SCV x3  
  183  16:01  Marauder  
  191  16:04  Marauder  
  191  16:05  SCV  
  191  16:09  SCV  
  186  16:21  Siege Tank  
  189  16:26  Marauder, Siege Tank, Marine  
  189  16:29  Barracks  
  189  16:30  Marauder x2, Marine  
  189  16:32  Marine  
  196  16:33  Marauder  
Show
View Real Time Build Order
Export as new Build Order

Stephano Zerg 

Build Orders: Hatch First, Lurkers 

Get SALT Encoding   

  12  0:00  Drone  
  13  0:12  Overlord  
  13  0:16  Drone  
  14  0:30  Drone x2  
  16  0:47  Hatchery  
  15  0:50  Drone  
  15  0:53  Drone  
  17  0:58  Drone  
  18  1:07  Extractor  
  17  1:13  Spawning Pool  
  17  1:16  Drone  
  17  1:19  Drone  
  18  1:27  Drone  
  19  1:38  Drone  
  20  1:49  Drone  
  21  1:59  Queen x2  
  21  2:00  Zergling x4  
  27  2:10  Drone  
  27  2:11  Overlord  
  28  2:21  Hatchery  
  27  2:23  Drone  
  27  2:29  Drone  
  29  2:33  Drone x2  
  30  2:41  Queen  
  32  2:45  Overlord  
  32  2:48  Drone  
  32  2:51  Metabolic Boost  
  33  2:54  Drone  
  33  2:58  Drone  
  35  3:05  Drone x2  
  37  3:07  Drone  
  37  3:11  Drone x2  
  40  3:16  Queen  
  40  3:17  Overlord  
  42  3:27  Drone  
  42  3:33  Drone x3  
  46  3:34  Queen  
  46  3:35  Queen  
  50  3:42  Zergling x4  
  50  3:43  Drone  
  50  3:45  Drone  
  50  3:46  Overlord  
  54  3:51  Drone x2  
  54  3:53  Drone  
  57  3:56  Overlord  
  57  4:02  Overlord  
  57  4:13  Drone x2, Evolution Chamber x2  
  57  4:16  Zergling x4  
  59  4:17  Drone x3  
  59  4:19  Zergling x4  
  59  4:21  Drone  
  59  4:23  Drone, Spore Crawler  
  65  4:26  Drone x3  
  68  4:34  Drone x2, Queen  
  72  4:42  Overlord  
  72  4:44  Queen  
  72  4:45  Spore Crawler  
  73  4:49  Spore Crawler  
  72  4:53  Zerg Ground Armor Level 1  
  72  4:54  Zerg Missile Weapons Level 1  
  72  4:57  Drone x2  
  74  5:07  Zergling x10  
  74  5:08  Hatchery  
  74  5:13  Overlord  
  78  5:16  Queen  
  78  5:17  Overlord  
  78  5:19  Lair  
  80  5:23  Overlord x2  
  80  5:28  Overlord x2  
  80  5:31  Extractor x2  
  78  5:36  Drone x3  
  78  5:37  Drone x3  
  78  5:38  Drone x2  
  86  5:48  Drone x6  
  92  5:50  Extractor  
  92  5:51  Drone, Extractor x2  
  92  5:53  Drone  
  92  5:54  Drone x3  
  94  6:06  Zergling x10  
  94  6:09  Queen x2  
  95  6:28  Zergling x18  
  98  6:37  Queen x2  
  96  6:42  Overlord  
  96  6:43  Drone  
  96  6:45  Hydralisk Den, Queen  
  96  6:47  Drone x3  
  100  6:51  Drone x2  
  91  7:03  Drone x7  
  91  7:10  Drone  
  91  7:11  Drone, Overlord  
  91  7:15  Zerg Ground Armor Level 2  
  84  7:16  Drone x2  
  84  7:17  Drone  
  84  7:18  Drone  
  84  7:20  Muscular Augments  
  88  7:23  Zerg Missile Weapons Level 2  
  88  7:27  Drone  
  88  7:28  Infestation Pit  
  88  7:32  Drone  
  88  7:33  Drone x3  
  92  7:41  Hydralisk  
  92  7:42  Hydralisk x4  
  102  7:54  Hydralisk x3  
  102  7:56  Drone x3  
  102  7:58  Drone x3  
  114  8:02  Drone x4  
  114  8:04  Hive  
  118  8:17  Hatchery  
  117  8:22  Hydralisk x4  
  129  8:31  Hydralisk x3  
  131  8:38  Lurker Den  
  127  8:43  Hydralisk x3  
  127  8:48  Zergling x32  
  135  9:03  Hydralisk x7  
  135  9:05  Zergling x2  
  135  9:06  Zergling x4  
  152  9:15  Overlord  
  148  9:18  Overlord  
  148  9:21  Hydralisk x5  
  128  9:26  Hydralisk x2  
  128  9:30  Zergling x6  
  133  9:33  Pneumatized Carapace  
  133  9:38  Grooved Spines  
  131  9:39  Zergling x10  
  128  9:50  Seismic Spines  
  124  10:06  Lurker x2  
  126  10:08  Hatchery  
  126  10:13  Hydralisk  
  126  10:14  Hydralisk  
  126  10:15  Zergling x20  
  139  10:42  Drone  
  139  10:43  Drone x2  
  139  10:45  Extractor  
  139  10:46  Extractor  
  139  10:47  Adaptive Talons  
  137  10:51  Hydralisk x5  
  138  10:59  Hydralisk x2  
  138  11:03  Zergling x12  
  143  11:17  Hydralisk x4  
  142  11:20  Zergling x2  
  142  11:21  Zergling x10  
  133  11:46  Hatchery  
  132  11:48  Lurker x3  
  135  11:55  Zergling x18  
  144  12:03  Hydralisk  
  141  12:22  Hydralisk x6  
  136  12:30  Lurker x2  
  136  12:33  Overlord x2  
  135  12:37  Zergling x12  
  140  12:49  Hatchery  
  140  12:51  Lurker x2  
  135  13:02  Hydralisk x4  
  135  13:05  Zergling x14  
  140  13:14  Hydralisk x3  
  130  13:31  Zergling x24  
  130  13:32  Zergling x2  
  139  13:40  Overlord  
  139  13:44  Extractor  
  139  13:45  Extractor  
  137  13:57  Overlord  
  137  13:58  Zerg Ground Armor Level 3, Zerg Missile Weapons Level 3  
  137  14:08  Drone x3  
  137  14:09  Drone x2  
  143  14:10  Lurker x2  
  135  14:36  Hydralisk x9  
  144  14:57  Viper  
  144  14:58  Overlord x2  
  147  15:00  Extractor  
  147  15:01  Overlord x2, Extractor  
  147  15:04  Lurker  
  147  15:06  Overseer  
  146  15:07  Hatchery, Lurker  
  143  15:16  Hydralisk x2  
  131  15:31  Hydralisk x4  
  118  15:50  Lurker  
  118  15:51  Lurker  
  118  15:52  Zergling x16  
  128  15:57  Overseer  
  128  16:04  Lurker  
  128  16:07  Drone x3  
  128  16:11  Zergling x2, Lurker  
  133  16:12  Zergling x12  
  130  16:26  Hydralisk x3  

Tags
 
Add a new tag
Caveats
  • Supply blocks, unpowered buildings, or Contaminate may cause inaccurate times.
  • Supply counts are checked every 10 seconds.